TOP OF THE 1ST |
Texas Longhorns batting - Pitching for Pittsburgh Panthers : RHP Kelly Hicks
|
Pitching: RHP Kelly Hicks
|
|
Batting: LHB Matt Turner
|
0-0: Ball 1-0: Ball 2-0: Foul Ball, location: 2F 2-1: Ball 3-1: Called Strike 3-2: Base on Balls
|
Batting: RHB Norm Martin
|
0-0: Ball 1-0: Ball 2-0: Ball Matt Turner steals 2nd base 3-0: Base on Balls
|
Batting: LHB Bill Turner
|
0-0: Ball Matt Turner steals 3rd base Norm Martin to second 1-0: Called Strike 1-1: Called Strike 1-2: Ball 2-2: Strikes out swinging
|
Batting: RHB William Gilmore
|
0-0: Ground out 6-3 (Groundball, 6) Matt Turner scores Norm Martin to third
|
Batting: SHB Dave Hickman
|
0-0: Called Strike 0-1: Swinging Strike 0-2: Strikes out looking
|
Top of the 1st over - 1 run, 0 hits, 0 errors, 1 left on base; Texas 1 - Pittsburgh 0 |
BOTTOM OF THE 1ST |
Pittsburgh Panthers batting - Pitching for Texas Longhorns : RHP John Crockett
|
Pitching: RHP John Crockett
|
|
Batting: RHB Roy Stevens
|
0-0: Ground out 4-3 (Groundball, 4)
|
Batting: SHB Sam Hicks
|
0-0: Ball 1-0: Ball 2-0: Ball 3-0: Base on Balls
|
Batting: SHB Ward Jacobs
|
0-0: Ball 1-0: Foul Ball, location: 2F 1-1: Ball 2-1: Foul Ball, location: 2F 2-2: Fly out, F9 (Line Drive, 9)
|
Batting: SHB Rick Vargas
|
0-0: Fly out, F5 (Popup, 15S)
|
Bottom of the 1st over - 0 runs, 0 hits, 0 errors, 1 left on base; Texas 1 - Pittsburgh 0 |
TOP OF THE 2ND |
Texas Longhorns batting - Pitching for Pittsburgh Panthers : RHP Kelly Hicks
|
Batting: RHB David Stephens
|
0-0: Ball 1-0: Called Strike 1-1: Foul Ball, location: 2F 1-2: Strikes out looking
|
Batting: RHB Curtis Lawson
|
0-0: Swinging Strike 0-1: Ball 1-1: Ball 2-1: Ball 3-1: Fly out, F7 (Flyball, 7S)
|
Batting: RHB Frank Music
|
0-0: Called Strike 0-1: SINGLE (Groundball, 56D)
|
Batting: LHB Jim Davis
|
0-0: Ball 1-0: Ball 2-0: Ball 3-0: Base on Balls Frank Music to second
|
Batting: LHB Matt Turner
|
0-0: Called Strike 0-1: Foul Ball, location: 2F 0-2: Ball 1-2: Fly out, F7 (Flyball, 7LMF)
|
Top of the 2nd over - 0 runs, 1 hit, 0 errors, 2 left on base; Texas 1 - Pittsburgh 0 |
BOTTOM OF THE 2ND |
Pittsburgh Panthers batting - Pitching for Texas Longhorns : RHP John Crockett
|
Batting: LHB Jason Cooke
|
0-0: Called Strike 0-1: Fly out, F9 (Flyball, 89M)
|
Batting: SHB Jackson Clark
|
0-0: Fly out, F3 (Popup, 34)
|
Batting: RHB Dewey Tyree
|
0-0: Fly out, F7 (Flyball, 7D)
|
Bottom of the 2nd over - 0 runs, 0 hits, 0 errors, 0 left on base; Texas 1 - Pittsburgh 0 |
TOP OF THE 3RD |
Texas Longhorns batting - Pitching for Pittsburgh Panthers : RHP Kelly Hicks
|
Batting: RHB Norm Martin
|
0-0: Ball 1-0: Ball 2-0: Swinging Strike 2-1: Ball 3-1: Foul Ball, location: 2F 3-2: SINGLE (Line Drive, 9S)
|
Batting: LHB Bill Turner
|
0-0: Ball 1-0: Fly out, F7 (Flyball, 7)
|
Batting: RHB William Gilmore
|
0-0: Ball 1-0: Ball 2-0: Ball 3-0: Called Strike 3-1: Foul Ball, location: 2F 3-2: Strikes out swinging
|
Batting: SHB Dave Hickman
|
0-0: Ball Pickoff Throw to First - Error! E1 Norm Martin to second 1-0: Ground out 4-3 (Groundball, 34)
|
Top of the 3rd over - 0 runs, 1 hit, 1 error, 1 left on base; Texas 1 - Pittsburgh 0 |
BOTTOM OF THE 3RD |
Pittsburgh Panthers batting - Pitching for Texas Longhorns : RHP John Crockett
|
Batting: RHB Bill Gallagher
|
0-0: DOUBLE (Flyball, 89D)
|
Batting: RHB Drew Rice
|
0-0: Ground out 4-3 (Groundball, 4) Bill Gallagher to third
|
Batting: RHB Roy Stevens
|
0-0: Swinging Strike 0-1: Ball 1-1: Ball 2-1: Ball 3-1: Foul Ball, location: 2F 3-2: Base on Balls
|
Batting: SHB Sam Hicks
|
0-0: Ball 1-0: Ball 2-0: Fly out, F9 (Flyball, 9S) Runner from 3rd tags up, OUT at HOME
|
Bottom of the 3rd over - 0 runs, 1 hit, 0 errors, 1 left on base; Texas 1 - Pittsburgh 0 |
TOP OF THE 4TH |
Texas Longhorns batting - Pitching for Pittsburgh Panthers : RHP Kelly Hicks
|
Batting: RHB David Stephens
|
0-0: Foul Ball, location: 2F 0-1: Ball 1-1: Foul Ball, location: 2F 1-2: SINGLE (Line Drive, 8LS)
|
Batting: RHB Curtis Lawson
|
0-0: Foul Ball, location: 2F 0-1: Ball 1-1: Swinging Strike 1-2: Ball 2-2: Strikes out swinging
|
Batting: RHB Frank Music
|
0-0: Ball 1-0: Called Strike 1-1: Ball 2-1: Foul Ball, location: 2F 2-2: Fly out, F8 (Flyball, 8LD)
|
Batting: LHB Jim Davis
|
0-0: Fly out, F9 (Flyball, 9)
|
Top of the 4th over - 0 runs, 1 hit, 0 errors, 1 left on base; Texas 1 - Pittsburgh 0 |
BOTTOM OF THE 4TH |
Pittsburgh Panthers batting - Pitching for Texas Longhorns : RHP John Crockett
|
Batting: SHB Ward Jacobs
|
0-0: Fly out, F8 (Flyball, 89D)
|
Batting: SHB Rick Vargas
|
0-0: Called Strike 0-1: Swinging Strike 0-2: Foul Ball, location: 2F 0-2: Ball 1-2: Ball 2-2: Ground out 6-3 (Groundball, 6)
|
Batting: LHB Jason Cooke
|
0-0: Called Strike 0-1: Ball 1-1: Foul Ball, location: 2F 1-2: Fly out, F8 (Flyball, 89D)
|
Bottom of the 4th over - 0 runs, 0 hits, 0 errors, 0 left on base; Texas 1 - Pittsburgh 0 |
TOP OF THE 5TH |
Texas Longhorns batting - Pitching for Pittsburgh Panthers : RHP Kelly Hicks
|
Batting: LHB Matt Turner
|
0-0: Ground out 5-3 (Groundball, 56)
|
Batting: RHB Norm Martin
|
0-0: Ball 1-0: Called Strike 1-1: Swinging Strike 1-2: Strikes out swinging
|
Batting: LHB Bill Turner
|
0-0: Ball 1-0: Called Strike 1-1: Ball 2-1: Foul Ball, location: 2F 2-2: Ball 3-2: Base on Balls
|
Pitching: RHP Carter Mortensen
|
|
Batting: RHB William Gilmore
|
0-0: Ball 1-0: Foul Ball, location: 2F 1-1: Foul Ball, location: 2F 1-2: Ball 2-2: Strikes out swinging
|
Top of the 5th over - 0 runs, 0 hits, 0 errors, 1 left on base; Texas 1 - Pittsburgh 0 |
BOTTOM OF THE 5TH |
Pittsburgh Panthers batting - Pitching for Texas Longhorns : RHP John Crockett
|
Batting: SHB Jackson Clark
|
0-0: Fly out, F8 (Flyball, 8LM)
|
Batting: RHB Dewey Tyree
|
0-0: Swinging Strike 0-1: Ball 1-1: Called Strike 1-2: Ground out 5-3 (Groundball, 5L)
|
Batting: RHB Bill Gallagher
|
0-0: Called Strike 0-1: Ball 1-1: Foul Ball, location: 2F 1-2: Ball 2-2: Ball 3-2: Base on Balls
|
Batting: RHB Drew Rice
|
0-0: Ball 1-0: Swinging Strike 1-1: Ball 2-1: 2-RUN HOME RUN (Flyball, 8LXD), Distance : 409 ft
|
Batting: RHB Roy Stevens
|
0-0: Ball 1-0: TRIPLE (Line Drive, 89XD)
|
Batting: SHB Sam Hicks
|
0-0: Ball 1-0: Fly out, F7 (Flyball, 78D)
|
Bottom of the 5th over - 2 runs, 2 hits, 0 errors, 1 left on base; Texas 1 - Pittsburgh 2 |
TOP OF THE 6TH |
Texas Longhorns batting - Pitching for Pittsburgh Panthers : RHP Carter Mortensen
|
Batting: SHB Dave Hickman
|
0-0: Ball 1-0: Foul Ball, location: 2F 1-1: Fly out, F6 (Line Drive, 6M)
|
Batting: RHB David Stephens
|
0-0: Ball 1-0: Ball 2-0: Fly out, F6 (Line Drive, 6)
|
Batting: RHB Curtis Lawson
|
0-0: Foul Ball, location: 2F 0-1: Ball 1-1: Ball 2-1: Swinging Strike 2-2: Ball 3-2: Foul Ball, location: 2F 3-2: Fly out, F4 (Popup, 4MD)
|
Top of the 6th over - 0 runs, 0 hits, 0 errors, 0 left on base; Texas 1 - Pittsburgh 2 |
BOTTOM OF THE 6TH |
Pittsburgh Panthers batting - Pitching for Texas Longhorns : RHP John Crockett
|
Batting: SHB Ward Jacobs
|
0-0: Foul Ball, location: 2F 0-1: Ball 1-1: Called Strike 1-2: Foul Ball, location: 2F 1-2: Ball 2-2: Foul Ball, location: 2F 2-2: Strikes out swinging
|
Batting: SHB Rick Vargas
|
0-0: Swinging Strike 0-1: Foul Ball, location: 2F 0-2: Ball 1-2: Strikes out swinging
|
Batting: LHB Jason Cooke
|
0-0: Called Strike 0-1: Ball 1-1: Called Strike 1-2: Ball 2-2: Ball 3-2: TRIPLE (Line Drive, 89XD)
|
Batting: SHB Jackson Clark
|
0-0: Called Strike 0-1: Ball 1-1: Ground out 4-3 (Groundball, 4M)
|
Bottom of the 6th over - 0 runs, 1 hit, 0 errors, 1 left on base; Texas 1 - Pittsburgh 2 |
TOP OF THE 7TH |
Texas Longhorns batting - Pitching for Pittsburgh Panthers : RHP Carter Mortensen
|
Batting: RHB Frank Music
|
0-0: Ball 1-0: Ball 2-0: Called Strike 2-1: Fly out, F8 (Flyball, 78D)
|
Pitching: LHP Félix Turcotte
|
|
Batting: LHB Jim Davis
|
0-0: Foul Ball, location: 2F 0-1: Foul Ball, location: 2F 0-2: Ball 1-2: Strikes out swinging
|
Batting: LHB Matt Turner
|
0-0: SOLO HOME RUN (Line Drive, 9LD), Distance : 320 ft
|
Pitching: RHP Bobby McCain
|
|
Batting: RHB Norm Martin
|
0-0: Called Strike 0-1: Ball 1-1: Foul Ball, location: 2F 1-2: Strikes out swinging
|
Top of the 7th over - 1 run, 1 hit, 0 errors, 0 left on base; Texas 2 - Pittsburgh 2 |
BOTTOM OF THE 7TH |
Pittsburgh Panthers batting - Pitching for Texas Longhorns : RHP John Crockett
|
Batting: RHB Dewey Tyree
|
0-0: Ball 1-0: Ball 2-0: Ground out 6-3 (Groundball, 6)
|
Batting: RHB Bill Gallagher
|
0-0: Ball 1-0: Foul Ball, location: 2F 1-1: Foul Ball, location: 2F 1-2: Ball 2-2: Foul Ball, location: 2F 2-2: SINGLE (Flyball, 7LS)
|
Pitching: RHP Mathew James
|
|
Batting: RHB Drew Rice
|
0-0: Swinging Strike 0-1: Ball 1-1: Ball 2-1: Reached on error, E5 (Groundball, 56) Bill Gallagher to second
|
Batting: RHB Roy Stevens
|
0-0: Ball 1-0: Called Strike 1-1: Foul Ball, location: 2F 1-2: Ball 2-2: Ball 3-2: Foul Ball, location: 2F 3-2: Base on Balls Bill Gallagher to third Drew Rice to second
|
Batting: SHB Sam Hicks
|
0-0: Ball 1-0: Called Strike 1-1: Ball 2-1: Ball 3-1: Base on Balls Bill Gallagher scores Drew Rice to third Roy Stevens to second
|
Batting: SHB Ward Jacobs
|
0-0: Foul Ball, location: 2F 0-1: DOUBLE (Flyball, 89D) Drew Rice scores Roy Stevens scores Sam Hicks to third
|
Batting: SHB Rick Vargas
|
0-0: Intentional Walk
|
Pitching: LHP Jonathan Irving
|
|
Batting: LHB Jason Cooke
|
0-0: Ball 1-0: Foul Ball, location: 2F 1-1: GRAND SLAM HOME RUN (Line Drive, 9LD), Distance : 323 ft
|
Batting: SHB Jackson Clark
|
0-0: Fly out, F2 (Popup, 23F)
|
Batting: RHB Dewey Tyree
|
0-0: Ball 1-0: Ball 2-0: Called Strike 2-1: Ball 3-1: Fly out, F5 (Line Drive, 56)
|
Bottom of the 7th over - 7 runs, 3 hits, 1 error, 0 left on base; Texas 2 - Pittsburgh 9 |
TOP OF THE 8TH |
Texas Longhorns batting - Pitching for Pittsburgh Panthers : RHP Bobby McCain
|
Batting: LHB Bill Turner
|
0-0: Called Strike 0-1: Ball 1-1: Ball 2-1: Foul Ball, location: 2F 2-2: Foul Ball, location: 2F 2-2: Ball 3-2: Base on Balls
|
Batting: RHB William Gilmore
|
0-0: Ball 1-0: Foul Ball, location: 2F 1-1: Ball 2-1: Ball 3-1: Called Strike 3-2: Fielders Choice at 2nd, 6-4 (Groundball, 6D)
|
Batting: SHB Dave Hickman
|
0-0: Ball 1-0: SINGLE (Groundball, 56S) (infield hit) William Gilmore to second
|
Batting: RHB David Stephens
|
0-0: Foul Ball, location: 2F 0-1: Ball 1-1: Ball 2-1: Ball 3-1: Called Strike 3-2: Base on Balls William Gilmore to third Dave Hickman to second
|
Batting: RHB Curtis Lawson
|
0-0: Ball 1-0: Ball 2-0: Foul Ball, location: 2F 2-1: Grounds into double play, 6-4-3 (Groundball, 6)
|
Top of the 8th over - 0 runs, 1 hit, 0 errors, 2 left on base; Texas 2 - Pittsburgh 9 |
BOTTOM OF THE 8TH |
Pittsburgh Panthers batting - Pitching for Texas Longhorns : LHP Jonathan Irving
|
Batting: RHB Bill Gallagher
|
0-0: Ball 1-0: Ball 2-0: Called Strike 2-1: Foul Ball, location: 2F 2-2: Strikes out swinging
|
Batting: RHB Drew Rice
|
0-0: Foul Ball, location: 2F 0-1: Ground out 5-3 (Groundball, 56S)
|
Batting: RHB Roy Stevens
|
0-0: Ball 1-0: Swinging Strike 1-1: SINGLE (Groundball, 4MD)
|
Batting: SHB Sam Hicks
|
0-0: Foul Ball, location: 2F 0-1: Ball 1-1: Ball 2-1: Foul Ball, location: 2F 2-2: Foul Ball, location: 2F 2-2: TRIPLE (Flyball, 8LXD) Roy Stevens scores
|
Batting: SHB Ward Jacobs
|
0-0: Called Strike 0-1: Foul Ball, location: 2F 0-2: Hit by Pitch
|
Batting: SHB Rick Vargas
|
0-0: Ball 1-0: Called Strike 1-1: Foul Ball, location: 2F 1-2: SINGLE (Line Drive, 4MD) Sam Hicks scores Ward Jacobs to second Runner from 2nd tries for 3rd, SAFE, no throw
|
Batting: LHB Jason Cooke
|
0-0: Foul Ball, location: 2F 0-1: Ball 1-1: Ball 2-1: Foul Ball, location: 2F 2-2: Foul Ball, location: 2F 2-2: Ball 3-2: Foul Ball, location: 2F 3-2: Base on Balls Rick Vargas to second
|
Batting: SHB Jackson Clark
|
0-0: Fly out, F8 (Flyball, 78M)
|
Bottom of the 8th over - 2 runs, 3 hits, 0 errors, 3 left on base; Texas 2 - Pittsburgh 11 |
TOP OF THE 9TH |
Texas Longhorns batting - Pitching for Pittsburgh Panthers : RHP Bobby McCain
|
Batting: RHB Frank Music
|
0-0: Ball 1-0: Ball 2-0: Called Strike 2-1: Foul Ball, location: 2F 2-2: Ground out 3-1 (Groundball, 34)
|
Batting: LHB Jim Davis
|
0-0: Foul Ball, location: 2F 0-1: Ground out 6-3 (Groundball, 6D)
|
Batting: LHB Matt Turner
|
0-0: Called Strike 0-1: Reached via error on a dropped throw, E3
|
Batting: RHB Norm Martin
|
0-0: Called Strike 0-1: Ball 1-1: Foul Ball, location: 2F 1-2: Ball 2-2: Ball 3-2: Foul Ball, location: 2F 3-2: Foul Ball, location: 2F 3-2: Foul Ball, location: 2F 3-2: Foul Ball, location: 2F 3-2: Fly out, F8 (Flyball, 8RS)
|
Top of the 9th over - 0 runs, 0 hits, 1 error, 1 left on base; Texas 2 - Pittsburgh 11 |
|